Workbook

Sheet 1. Limpeza Publica
A1: SERVIÇO DE LIMPEZA URBANA
A2: Planilha de Composição de Custos para instruir processo licitatório
A4: Orçamento Sintético
A5: Descrição do Item | E5: Custo (R$/mês) | F5: %
A6: =A43 -> 1. MÃO-DE-OBRA | E6: =F161 -> 0 | F6: =E6/E28 -> #DIV/0!
A7: =A45 -> 1.1. TRABALHADOR DE SERVIÇO DE LIMPEZA E CONSERVAÇÃO DE ÁREAS PÚBLICAS - CBO 5142-25 | E7: =F59 -> 0 | F7: =IFERROR(E7/$E$28,0) -> 0
A8: =A34 -> 1.2. RECEPCIONISTA - CBO 4221 | E8: =F73 -> 0 | F8: =IFERROR(E8/$E$28,0) -> 0
A9: =A35 -> 1.3. ENCARREGADO / TRABALHADOR DE SERVIÇO DE LIMPEZA E CONSERVAÇÃO DE ÁREAS PÚBLICAS - CBO 5142-25 | E9: =F87 -> 0 | F9: =IFERROR(E9/$E$28,0) -> 0
A10: =A36 -> 1.4. OPERADOR DE MAQUINAS RODOVIÁRIA CBO 7151 | E10: =F101 -> 0 | F10: =IFERROR(E10/$E$28,0) -> 0
A11: =A119 -> 1.6. MOTORISTA DE CAMINHÃO COLETA- CBO 7825‑10 | E11: =F131 -> 0 | F11: =IFERROR(E11/$E$28,0) -> 0
A12: =A39 -> 1.7. AUXILIAR DE MECÂNICO- CBO‐9144 | E12: =F145 -> 0 | F12: =IFERROR(E12/$E$28,0) -> 0
A13: =A147 -> 1.8. COLETOR DE RSU RECICLÁVEL - CBO 5142 | E13: =F159 -> 0 | F13: =IFERROR(E13/$E$28,0) -> 0
A14: =A163 -> 2. VALE TRANSPORTE E AUXÍLIO ALIMENTAÇÃO | E14: =F190 -> 0 | F14: =IFERROR(E14/$E$28,0) -> 0
A15: =A192 -> 3. UNIFORMES E EQUIPAMENTOS DE PROTEÇÃO INDIVIDUAL | E15: =F219 -> 0 | F15: =IFERROR(E15/$E$28,0) -> 0
A16: =A888 -> 4. TOTAL MENSAL VEÍCULOS E EQUIPAMENTOS (com motorista e combustivel) | E16: =F888 -> #DIV/0! | F16: =IFERROR(E16/$E$28,0) -> 0
A17: =A224 -> 4.1 ROÇADEIRA | E17: =F263 -> 0 | F17: =IFERROR(E17/$E$28,0) -> 0
A18: =A266 -> 4.2. RETROESCAVADEIRA | E18: =F340 -> #VALUE! | F18: =IFERROR(E18/$E$28,0) -> 0
A19: =A342 -> 4.3. MINICARREGADEIRA COM ESCOVÃO | E19: =F420 -> #DIV/0! | F19: =IFERROR(E19/$E$28,0) -> 0
A20: =A422 -> 4.4. TRATOR ROÇADEIRA COM BRAÇO ARTICULADO | E20: =F507 -> #DIV/0! | F20: =IFERROR(E20/$E$28,0) -> 0
A21: =A509 -> 4.5. VEÍCULO CAMINHÃO BAÚ | E21: =F585 -> #DIV/0! | F21: =IFERROR(E21/$E$28,0) -> 0
A22: =A587 -> 4.6. CAMINHÃO TOCO CARROCERIA BAIXA | E22: =F663 -> #DIV/0! | F22: =IFERROR(E22/$E$28,0) -> 0
A23: =A665 -> 4.7. VEÍCULO CAMINHÃO COM CAÇAMBA BASCULANTE | E23: =F731 -> #DIV/0! | F23: =IFERROR(E23/$E$28,0) -> 0
A24: =A733 -> 4.8. TRATOR ESCOVÃO CAPINADEIRA | E24: =F818 -> #DIV/0! | F24: =IFERROR(E24/$E$28,0) -> 0
A25: =A820 -> 4.9. MICRO-ÔNIBUS | E25: =F886 -> #DIV/0! | F25: =IFERROR(E25/$E$28,0) -> 0
A26: =A904 -> 5. TOTAL MENSAL FERRAMENTAS E MATERIAL | E26: =F904 -> #DIV/0! | F26: =IFERROR(E26/$E$28,0) -> 0
A27: =A909 -> 6. Benefícios e Despesas Indiretas - BDI | E27: =+F915 -> #DIV/0! | F27: =IFERROR(E27/$E$28,0) -> 0
A28: PREÇO TOTAL MENSAL | E28: =F918 -> #DIV/0! | F28: =F6+F14+F15+F16+F26+F27 -> #DIV/0!
A31: Quantitativos
A32: Mão-de-obra | E32: Quantidade
A33: =+A45 -> 1.1. TRABALHADOR DE SERVIÇO DE LIMPEZA E CONSERVAÇÃO DE ÁREAS PÚBLICAS - CBO 5142-25 | E33: 273
A34: =A61 -> 1.2. RECEPCIONISTA - CBO 4221 | E34: 5
A35: =A75 -> 1.3. ENCARREGADO / TRABALHADOR DE SERVIÇO DE LIMPEZA E CONSERVAÇÃO DE ÁREAS PÚBLICAS - CBO 5142-25 | E35: 7
A36: =A89 -> 1.4. OPERADOR DE MAQUINAS RODOVIÁRIA CBO 7151 | E36: 4
A37: =A103 -> 1.5. MOTORISTA DE CAMINHÃO - CBO 7825‑10 | E37: 9
A38: =A119 -> 1.6. MOTORISTA DE CAMINHÃO COLETA- CBO 7825‑10 | E38: 4
A39: =A133 -> 1.7. AUXILIAR DE MECÂNICO- CBO‐9144 | E39: 2
A40: =A147 -> 1.8. COLETOR DE RSU RECICLÁVEL - CBO 5142 | E40: 11
A41: Total de mão-de-obra (postos de trabalho) | E41: =SUM(E33:E40) -> 315
A43: 1. MÃO-DE-OBRA
A45: 1.1. TRABALHADOR DE SERVIÇO DE LIMPEZA E CONSERVAÇÃO DE ÁREAS PÚBLICAS - CBO 5142-25
A46: Discriminação | B46: Unidade | C46: Quantidade | D46: Custo unitário | E46: Subtotal | F46: Total (R$)
A47: Piso da categoria | B47: mês | C47: 1 | E47: =D47*C47 -> 0
A48: Adicional Noturno | B48: horas trabalhadas | C48: 5.53
B49: hora contabilizada | C49: =C48*8/7 -> 6.32 | D49: =D47/220*0.2 -> 0 | E49: =C49*D49 -> 0
A50: Horas Extras (100%) | B50: hora | C50: 8.66 | D50: =ROUND(D47/220*2,2) -> 0 | E50: =C50*D50 -> 0
A51: Horas Extras (50%) | B51: hora | C51: 16 | D51: =D47/220*1.5 -> 0 | E51: =C51*D51 -> 0
A52: Descanso Semanal Remunerado (DSR) - hora extra | B52: R$ | D52: =63/302*(SUM(E50:E51)) -> 0 | E52: =D52 -> 0
A53: Adicional de Insalubridade | B53: % | C53: 40 | D53: =SUM(E47) -> 0 | E53: =C53*D53/100 -> 0
A54: Benefício Social | B54: mês | C54: 1 | E54: =C54*D54 -> 0
A55: Soma | E55: =ROUND(SUM(E47:E54),2) -> 0
A56: Encargos Sociais | B56: % | C56: ='2.Encargos Sociais'!$C$37*100 -> 0 | D56: =E55 -> 0 | E56: =D56*C56/100 -> 0
A57: Total por Trabalhador | E57: =E55+E56 -> 0
A58: Total do Efetivo | B58: homem | C58: =E33 -> 273 | D58: =E57 -> 0 | E58: =ROUND(C58*D58,2) -> 0
D59: Fator de utilização | E59: 1 | F59: =E58*E59 -> 0
A61: 1.2. RECEPCIONISTA - CBO 4221
A62: Discriminação | B62: Unidade | C62: Quantidade | D62: Custo unitário | E62: Subtotal | F62: Total (R$)
A63: Piso da categoria | B63: mês | C63: 1 | E63: =D63*C63 -> 0
A64: Horas Extras (100%) | B64: hora | D64: =D63/220*2 -> 0 | E64: =C64*D64 -> 0
A65: Horas Extras (50%) | B65: hora | C65: 9.6 | D65: =D63/220*1.5 -> 0 | E65: =C65*D65 -> 0
A66: Descanso Semanal Remunerado (DSR) - hora extra | B66: R$ | D66: =63/302*(SUM(E64:E65)) -> 0 | E66: =D66 -> 0
A67: Adicional de Insalubridade | B67: % | C67: 0 | E67: =C67*D67/100 -> 0
A68: Benefício Social | B68: mês | C68: 1 | E68: =C68*D68 -> 0
A69: Soma | E69: =SUM(E63:E68) -> 0
A70: Encargos Sociais | B70: % | C70: ='2.Encargos Sociais'!$C$37*100 -> 0 | D70: =E69 -> 0 | E70: =D70*C70/100 -> 0
A71: Total por Recepcionista | E71: =E69+E70 -> 0
A72: Total do Efetivo | B72: homem | C72: =E34 -> 5 | D72: =E71 -> 0 | E72: =C72*D72 -> 0
D73: Fator de utilização | E73: 1 | F73: =ROUND(E72*E73,2) -> 0
A75: 1.3. ENCARREGADO / TRABALHADOR DE SERVIÇO DE LIMPEZA E CONSERVAÇÃO DE ÁREAS PÚBLICAS - CBO 5142-25
A76: Discriminação | B76: Unidade | C76: Quantidade | D76: Custo unitário | E76: Subtotal | F76: Total (R$)
A77: Piso da categoria | B77: mês | C77: 1 | E77: =C77*D77 -> 0
A78: Horas Extras (100%) | B78: hora | C78: 8.66 | D78: =D77/220*2 -> 0 | E78: =C78*D78 -> 0
A79: Horas Extras (50%) | B79: hora | C79: 16 | D79: =D77/220*1.5 -> 0 | E79: =C79*D79 -> 0
A80: Descanso Semanal Remunerado (DSR) - hora extra | B80: R$ | D80: =63/302*(SUM(E78:E79)) -> 0 | E80: =D80 -> 0
A81: Adicional de Insalubridade | B81: % | C81: 40 | E81: =C81*D81/100 -> 0
A82: Benefício Social | B82: mês | C82: 1 | E82: =C82*D82 -> 0
A83: Soma | E83: =SUM(E77:E82) -> 0
A84: Encargos Sociais | B84: % | C84: ='2.Encargos Sociais'!$C$37*100 -> 0 | D84: =E83 -> 0 | E84: =D84*C84/100 -> 0
A85: Total por Supervisor | E85: =E83+E84 -> 0
A86: Total do Efetivo | B86: homem | C86: =E35 -> 7 | D86: =E85 -> 0 | E86: =C86*D86 -> 0
D87: Fator de utilização | E87: 1 | F87: =ROUND(E86*E87,2) -> 0
A89: 1.4. OPERADOR DE MAQUINAS RODOVIÁRIA CBO 7151
A90: Discriminação | B90: Unidade | C90: Quantidade | D90: Custo unitário | E90: Subtotal | F90: Total (R$)
A91: Piso da categoria | B91: mês | C91: 1 | E91: =C91*D91 -> 0
A92: Horas Extras (100%) | B92: hora | C92: 8.66 | D92: =D91/220*2 -> 0 | E92: =C92*D92 -> 0
A93: Horas Extras (50%) | B93: hora | C93: 16 | D93: =D91/220*1.5 -> 0 | E93: =C93*D93 -> 0
A94: Descanso Semanal Remunerado (DSR) - hora extra | B94: R$ | D94: =63/302*(SUM(E92:E93)) -> 0 | E94: =D94 -> 0
A95: Adicional de Insalubridade | B95: % | E95: =C95*D95/100 -> 0
A96: Benefício Social | B96: mês | C96: 1 | E96: =C96*D96 -> 0
A97: Soma | E97: =SUM(E91:E96) -> 0
A98: Encargos Sociais | B98: % | C98: ='2.Encargos Sociais'!$C$37*100 -> 0 | D98: =E97 -> 0 | E98: =D98*C98/100 -> 0
A99: Total por Operador de trator | E99: =E97+E98 -> 0
A100: Total do Efetivo | B100: homem | C100: =E36 -> 4 | D100: =E99 -> 0 | E100: =C100*D100 -> 0
D101: Fator de utilização | E101: 1 | F101: =ROUND(E100*E101,2) -> 0
A103: 1.5. MOTORISTA DE CAMINHÃO - CBO 7825‑10
A104: Discriminação | B104: Unidade | C104: Quantidade | D104: Custo unitário | E104: Subtotal | F104: Total (R$)
A105: Piso da categoria | B105: mês | C105: 1 | E105: =C105*D105 -> 0
A106: Adicional Noturno | B106: horas trabalhadas | C106: 16.76
B107: hora contabilizada | C107: =C106*8/7 -> 19.154286 | D107: =D105/220*0.2 -> 0 | E107: =C107*D107 -> 0
A108: Horas Extras (100%) | B108: hora | C108: 8.66 | D108: =D105/220*2 -> 0 | E108: =C108*D108 -> 0
A109: Horas Extras (50%) | B109: hora | C109: 16 | D109: =D105/220*1.5 -> 0 | E109: =C109*D109 -> 0
...

Sheet 2.Encargos Sociais
A1: Orientações para preenchimento:
A2: 1. Preencha previamente os dados de entrada na planilha 3.CAGED
A4: O TCE/RS não se responsabiliza pelo uso incorreto desta planilha.
A5: O orçamento deve ser realizado por responsável técnico habilitado e é de responsabilidade do seu autor.
A7: 2. Composição dos Encargos Sociais
A8: Código | B8: Descrição | C8: Valor
A9: A1 | B9: INSS
A10: A2 | B10: SESI
A11: A3 | B11: SENAI
A12: A4 | B12: INCRA
A13: A5 | B13: SEBRAE
A14: A6 | B14: Salário educação
A15: A7 | B15: Seguro contra acidentes de trabalho
A16: A8 | B16: FGTS
A17: A | B17: SOMA GRUPO A | C17: =SUM(C9:C16) -> 0
A19: B1 | B19: Férias gozadas
A20: B2 | B20: 13º salário
A21: B3 | B21: Licença Paternidade
A22: B4 | B22: Faltas justificadas
A23: B5 | B23: Auxilio acidente de trabalho
A24: B6 | B24: Auxilio doença
A25: B | B25: SOMA GRUPO B | C25: =SUM(C19:C24) -> 0
A27: C1 | B27: Aviso prévio indenizado
A28: C2 | B28: Férias indenizadas
A29: C3 | B29: Férias indenizadas s/ aviso previo inden.
A30: C4 | B30: Depósito rescisão sem justa causa
A31: C5 | B31: Indenização adicional
A32: C | B32: SOMA GRUPO C | C32: =SUM(C27:C31) -> 0
A34: D1 | B34: Reincidência de Grupo A sobre Grupo B
A35: D2 | B35: Reincidência de FGTS sobre aviso prévio indenizado
A36: D | B36: SOMA GRUPO D | C36: =SUM(C34:C35) -> 0
B37: SOMA (A+B+C+D) | C37: =C36+C32+C25+C17 -> 0

Sheet 3.CAGED
A1: CÁLCULO DAS VERBAS INDENIZATÓRIAS DOS EMPREGADOS NO SETOR DE COLETA DE RSU
A3: Tendo em vista que o CAGED foi descontinuado em janeiro de 2020, esta planilha foi atualizada até 31/12/2019.
A5: Preencha as células em amarelo
B7: 3. CAGED
B8: Rio Grande do Sul - Coleta de Resíduos Não-Perigosos - CNAE 38114
B9: Admissões
B10: Desligamentos
B11: Dispensados com justa causa
B12: Dispensados sem justa causa
B13: Espontâneos
B14: Fim de contrato por prazo determinado
B15: Término de contrato
B16: Aposentados
B17: Mortos
B18: Transferência de saída
... B22: Estoque recuperado final do Período 31-12-2024
B23: Variação Emprego Absoluta de 01-01-2024 a 31-12-2024 | C23: =C9-C10 -> 0
B25: Estoque Médio | C25: =MEDIAN(C21,C22) -> #VALUE!
B26: % Demitidos s/ Justa Causa em relação ao Estoque Médio | C26: =C12/C25 -> #VALUE!
B27: Taxa de Rotatividade | C27: =MEDIAN(C9,C10)/C25 -> #VALUE!
B28: Rotatividade temporal (meses) | C28: =12/C27 -> #VALUE!
B29: Dias ano | C29: 360
B30: 1/3 de férias (dias) | C30: 10
B31: Férias (dias) | C31: 30
B32: 13º Salário (dias) | C32: 30
B33: Dias de Aviso prévio | C33: =30+(3*TRUNC(1/C27)) -> #VALUE!
B34: FGTS | C34: 0.08
B35: Multa FGTS | C35: 0.4

Sheet 4.BDI
A1: Orientações para preenchimento:
A2: 1. Esta planilha é somente um modelo-base e deve ser ajustada conforme cada caso concreto.
A3: 2. Preencher somente células em amarelo
A5: O TCE/RS não se responsabiliza pelo uso incorreto desta planilha.
A6: O orçamento deve ser realizado por responsável técnico habilitado e é de responsabilidade do seu autor.
A8: 4. Composição do BDI - Benefícios e Despesas Indiretas
D10: Referência estudo TCE
D11: 1° Quartil | E11: Médio | F11: 3° Quartil
A12: Administração Central | B12: AC
A13: Seguros/Riscos/Garantias | B13: SRG
A14: Lucro | B14: L
A15: Despesas Financeiras | B15: DF | C15: =(1+E15)^(E16/252)-1 -> 0 | D15: i
A16: Tributos - ISS | B16: T | D16: DU | E16: 60
A17: Tributos - PIS/COFINS
A18: Fórmula para o cálculo do BDI:
A19: {[(1+AC+SRG) x (1+L) x (1+DF)] / (1-T)} -1
A20: Resultado do cálculo do BDI: | C20: =ROUND((((1+C12+C13)*(1+C14)*(1+C15))/(1-(C16+C17))-1),4) -> 0

Sheet 5. Depreciação
A1: 5. Depreciação Referencial TCE/RS (%)
A2: Idade do veículo (ano) | B2: Depreciação Média
A3: 1 | B3: 33.63
A4: 2 | B4: 43.13
A5: 3 | B5: 48.68
A6: 4 | B6: 52.62
A7: 5 | B7: 55.68
A8: 6 | B8: 58.18
A9: 7 | B9: 60.29
A10: 8 | B10: 62.12
A11: 9 | B11: 63.73
A12: 10 | B12: 65.18
A13: 11 | B13: 66.48
A14: 12 | B14: 67.67
... A17: 15 | B17: 70.73

Sheet 6.Remuneração de capital
A1: 6. Remuneração de Capital
A3: Fórmula de cálculo da remuneração de capital:
A12: Jm = remuneração de capital mensal
A13: i = taxa de juros do mercado (sugere-se adotar a taxa SELIC)
A14: Im = investimento médio
A15: V0 = valor inicial do bem
A16: Vr = valor residual do bem
A17: n = vida útil do bem em anos
